Map: Dusk Towers

Players

FireFoX - Winner!

  • Race: Zerg Zerg
  • League: Grandmaster

Miszu

  • Race: Terran Terran
  • League: Grandmaster

VOD

Have the link to the VOD?

Description

Time

  • Played on: May 17, 2016, 6:33 a.m.
  • Length: 5:29
Show
View Real Time Build Order
Export as new Build Order

FireFoX Zerg - Winner!

Build Orders: Pool First, Roach Nydus 

Get SALT Encoding   

  12  0:01  Drone  
  13  0:08  Drone  
  14  0:17  Overlord  
  14  0:24  Extractor  
  14  0:25  Drone  
  15  0:36  Drone x2  
  17  0:46  Spawning Pool  
  17  0:49  Drone  
  17  1:10  Hatchery  
  16  1:13  Drone  
  16  1:16  Extractor  
  16  1:19  Drone  
  16  1:21  Drone  
  18  1:32  Queen  
  20  1:34  Zergling x2  
  21  1:41  Overlord  
  21  1:48  Drone  
  22  2:03  Drone  
  22  2:08  Queen  
  25  2:17  Metabolic Boost, Drone  
  25  2:21  Queen  
  28  2:26  Drone x2  
  30  2:37  Overlord  
  30  2:39  Drone  
  30  2:43  Drone  
  32  2:47  Queen  
  34  2:59  Lair  
  34  3:21  Drone  
  34  3:22  Drone x3  
  34  3:23  Drone  
  34  3:24  Extractor x2  
  37  3:33  Queen  
  39  3:34  Drone x3  
  42  3:42  Roach Warren  
  42  3:48  Drone x2  
  43  3:58  Nydus Network  
  42  4:09  Overlord  
  42  4:10  Overlord  
  42  4:24  Roach  
  42  4:27  Roach x2  
  42  4:28  Roach x2  
  42  4:29  Roach  
  54  4:35  Nydus Canal  
  54  4:38  Roach  
  55  4:41  Overseer  
  55  4:44  Roach  
  57  4:48  Roach  
  59  4:58  Overlord  
  59  5:04  Nydus Canal  
Show
View Real Time Build Order
Export as new Build Order

Miszu Terran 

Build Orders: Reaper Expand, Hellion Banshee 

Get SALT Encoding   

  12  0:00  SCV  
  13  0:12  SCV  
  14  0:17  Supply Depot  
  14  0:24  SCV  
  15  0:39  SCV  
  15  0:40  Barracks  
  16  0:45  Refinery  
  16  0:51  SCV  
  17  1:03  SCV  
  18  1:15  SCV  
  19  1:27  Orbital Command  
  19  1:29  Reaper  
  20  1:42  Command Center  
  20  1:50  Supply Depot  
  20  1:52  SCV  
  21  1:57  Refinery  
  21  2:01  Marine  
  21  2:05  SCV  
  23  2:11  Factory  
  23  2:17  SCV  
  24  2:23  Barracks Reactor  
  24  2:29  SCV  
  25  2:41  SCV  
  26  2:53  SCV  
  26  2:54  Starport  
  26  2:55  Factory Tech Lab  
  27  2:58  Orbital Command  
  27  3:05  SCV  
  28  3:11  Barracks Tech Lab  
  28  3:16  Hellion x2  
  28  3:17  SCV  
  28  3:19  Supply Depot  
  33  3:28  SCV  
  33  3:31  SCV  
  34  3:39  Barracks Reactor  
  34  3:40  SCV, Banshee  
  34  3:41  Hellion x2  
  42  3:43  SCV  
  43  3:52  SCV  
  44  3:57  Command Center  
  44  3:59  SCV  
  44  4:02  Refinery  
  45  4:04  Refinery  
  45  4:05  SCV  
  46  4:11  SCV  
  46  4:12  Supply Depot  
  47  4:18  Hellion x2  
  47  4:19  SCV  
  47  4:21  Liberator  
  47  4:23  SCV  
  53  4:28  Liberator  
  53  4:30  Armory  
  53  4:31  SCV  
  54  4:35  SCV  
  61  4:49  Supply Depot  
  61  4:53  Supply Depot  
  61  5:06  Marine  
Tags
 
Add a new tag
Caveats
  • Supply blocks, unpowered buildings, or Contaminate may cause inaccurate times.
  • Supply counts are checked every 10 seconds.